 Dungeon Crawl Stone Soup version 0.24-a0-581-gc0fa6600bf (webtiles) character file.

Game seed: 2274253032694215065

109 Ge0ff the Grave Robber (level 4, -4/32 HPs)
             Began as a Demonspawn Necromancer on Aug 23, 2019.
             Was an Initiate of Vehumet.
             Slain by an ogre
             ... wielding a +0 giant spiked club
              (25 damage)
             ... on level 4 of the Dungeon.
             The game lasted 00:08:54 (3819 turns).

Ge0ff the Grave Robber (Demonspawn Necromancer)     Turns: 3819, Time: 00:08:55

Health: -4/32      AC:  4    Str:  6 (8)  XL:     4   Next: 60%
Magic:  1/8        EV: 12    Int: 16 (18) God:    Vehumet [......]
Gold:   250        SH:  0    Dex: 12 (13) Spells: 2/8 levels left

rFire    . . .     SeeInvis .   a - +0 dagger
rCold    . . .     Gourm    .   (no shield)
rNeg     . . .     Faith    .   C - +0 robe
rPois    .         Spirit   .   (no helmet)
rElec    .         Reflect  .   R - +0 cloak
rCorr    .         Harm     .   (no gloves)
MR       .....                  A - +0 pair of boots
Stlth    ++........             (no amulet)
HPRegen  0.10/turn              (no ring)
MPRegen  0.11/turn              (no ring)

@: no status effects
A: claws 1
a: Renounce Religion


You were on level 4 of the Dungeon.
You worshipped Vehumet.
Vehumet was noncommittal.
You were not hungry.

You visited 1 branch of the dungeon, and saw 4 of its levels.

You collected 250 gold pieces.

Inventory:

Hand Weapons
 a - a +0 dagger (weapon)
 b - a +0 spear
Missiles
 y - 122 stones
 N - 3 poisoned darts (quivered)
Armour
 t - a +0 leather armour
 A - a +0 pair of boots (worn)
 C - a +0 robe (worn)
 R - a +0 cloak (worn)
Scrolls
 i - a scroll of identify
 s - 2 scrolls of enchant armour
 u - 2 scrolls of enchant weapon
 B - 2 scrolls of blinking
 E - a scroll of teleportation {unknown}
 P - 2 scrolls of remove curse {unknown}
Potions
 z - 3 potions of mutation
 K - a potion of curing {unknown}
 L - a potion of brilliance {unknown}
 M - a potion of magic {unknown}
 O - a potion of heal wounds {unknown}
 Q - a potion of haste {unknown}
Comestibles
 r - 8 rations
 S - 3 chunks of flesh


   Skills:
 - Level 1.0 Fighting
 - Level 1.7 Dodging
 + Level 2.0 Stealth
 + Level 2.8 Spellcasting
 * Level 1.1 Conjurations
 + Level 5.6 Necromancy


You had 2 spell levels left.
You knew the following spells:

 Your Spells              Type           Power        Failure   Level  Hunger
a - Magic Dart            Conj           #...         12%         1    #......
d - Vampiric Draining     Necr           ###.......   6%          3    ###....
k - Pain                  Necr           ###.         1%          1    #......
z - Animate Skeleton      Necr           N/A          1%          1    #......

Your spell library contained the following spells:

 Spells                   Type           Power        Failure   Level  Hunger
 Summon Small Mammal      Summ           #...         19%         1    #......
 Blink                    Tloc           N/A          28%         2    ##.....
 Call Imp                 Summ           #.......     28%         2    ##.....
 Slow                     Hex            #.......     28%         2    ##.....
 Regeneration             Chrm/Necr      ##........   19%         3    ###....
 Animate Dead             Necr           N/A          19%         4    #####..
 Conjure Flame            Conj/Fire      #.......     41%         3    ###....
 Mephitic Cloud           Conj/Pois/Air  #.......     43%         3    ###....
 Call Canine Familiar     Summ           #.......     50%         3    ###....
 Summon Guardian Golem    Hex/Summ       #.......     50%         3    ###....
 Summon Ice Beast         Ice/Summ       #.......     88%         4    #####..
 Summon Lightning Spire   Summ/Air       #.......     88%         4    #####..


Dungeon Overview and Level Annotations

Branches:
Dungeon (4/15)
 Temple: D:4-7

Altars:
Vehumet
Yredelemnul


Innate Abilities, Weirdness & Mutations

You have sharp fingernails.


Message History

Aim: an ogre, wielding a +0 giant spiked club (moderately wounded, chance to defeat MR: 80%)
The ogre writhes in agony.
Casting: Pain (safe; 1% risk of failure)
Confirm with . or Enter, or press ? or * to list all spells.
Aiming: Vampiric Draining (safe; 6% risk of failure)
Press: ? - help, Shift-Dir - straight line, f/p - ogre
Aim: an ogre, wielding a +0 giant spiked club (heavily wounded)
The ogre is severely wounded.
You feel life coursing into your body. The ogre misses you.
Found 8 gold pieces.
You feel a little less mighty now.
Casting: Vampiric Draining (safe; 6% risk of failure)
Confirm with . or Enter, or press ? or * to list all spells.
Aiming: Pain (safe; 1% risk of failure)
Press: ? - help, Shift-Dir - straight line, f/p - ogre
Aim: an ogre, wielding a +0 giant spiked club (severely wounded, chance to defeat MR: 80%)
The ogre writhes in agony.
The ogre hits you with a +0 giant spiked club!!
Ouch! That really hurt!
You die...

# #.######## # #.# .. #
#.# #. . ###.## #. .#
##...# #. .#
##...####### ##.## .#
#..รท.........#...##.##
#..#########....$....##
#..# #..@####.## #..#
##..O.<...# #..#
########..# ...###### #
.......... ..........
#.####.##. #.# # #.#


You could see an ogre.

Vanquished Creatures
  A hound (D:4)
  3 adders
  2 oozes
  A worm (D:2)
  2 leopard geckos
  2 giant cockroaches
  2 gnoll zombies (D:3)
  5 hobgoblins
  3 jackals (D:1)
  A quokka (D:2)
  7 bats
  6 frilled lizards
  3 kobolds
  7 rats
45 creatures vanquished.

Vanquished Creatures (collateral kills)
  A rat (D:1)
1 creature vanquished.

Grand Total: 46 creatures vanquished

Notes
Turn   | Place    | Note
-------+----------+-------------------------------------------
     0 | D:1      | Ge0ff the Demonspawn Necromancer began the quest for the
                  | Orb.
     0 | D:1      | Reached XP level 1. HP: 13/13 MP: 3/3
    45 | D:1      | Learned a level 1 spell: Animate Skeleton
   511 | D:1      | Gained mutation: You have sharp fingernails. [demonic
                  | ancestry]
   511 | D:1      | Reached XP level 2. HP: 20/20 MP: 3/5
  1388 | D:1      | Reached skill level 1 in Fighting
  1594 | D:1      | Reached skill level 5 in Necromancy
  1748 | D:2      | Reached XP level 3. HP: 24/26 MP: 2/6
  1805 | D:2      | Learned a level 3 spell: Vampiric Draining
  2383 | D:2      | Found a radiant altar of Vehumet.
  2397 | D:2      | Became a worshipper of Vehumet
  2650 | D:3      | Found a faded altar of an unknown god.
  2884 | D:3      | Learned a level 1 spell: Magic Dart
  3169 | D:3      | Reached XP level 4. HP: 18/32 MP: 1/8
  3640 | D:3      | Found a basalt altar of Yredelemnul.
  3749 | D:4      | HP: 1/32 [hound (5)]
  3753 | D:4      | Reached skill level 1 in Conjurations
  3810 | D:4      | Noticed an ogre
  3819 | D:4      | Slain by an ogre

Levels and vault maps discovered:
D:1:      lightli_arrival_maybe_door_vault, layout_basic
D:2:      layout_basic, vehumet_crystals, kennysheep_generic_room_7
D:3:      layout_rooms, lemuel_zombie_altar_yredelemnul,
          chequers_ecumenical_altar_simple
D:4:      layout_loops_ring, grunt_dithmenos_smoke,
          nicolae_overflow_crystal_walls, portal_sewer_entry_f,
          ebering_ghost_sewer_d

Skill      XL: |  1  2  3  4 |
---------------+-------------+-----
Fighting       | 1 |  1.0
Necromancy     | 5 |  5.6
Stealth        | 2 |  2.0
Conjurations   | 1 |  1.1
Dodging        | |  1.7
Spellcasting   | |  2.8

Action                   |  1- 3 |  4- 6 || total
-------------------------+-------+-------++-------
Melee: Unarmed           |     1 |       ||     1
       Dagger            |     8 |    10 ||    18
Throw: Dart              |    14 |       ||    14
 Cast: Pain              |    69 |    14 ||    83
       Animate Skeleton  |     1 |       ||     1
       Magic Dart        |    10 |     7 ||    17
       Vampiric Draining |       |     1 ||     1
  Use: Scroll            |     2 |     2 ||     4
       Potion            |       |     4 ||     4
  Eat: Chunk             |     6 |       ||     6
       Ration            |       |     1 ||     1
Armor: Robe              |     6 |     2 ||     8
Dodge: Dodged            |    23 |    11 ||    34

Table legend:
 A = Non-vault XP
 B = Vault XP
 C = Vault XP percentage of total XP
 D = Non-vault monster count
 E = Vault monster count
 F = Vault count percentage of total count
                 A         B        C        D         E       F
            +---------+---------+-------+---------+---------+-------
      Total |     149 |       8 |   5.1 |      43 |       3 |   6.5
            +---------+---------+-------+---------+---------+-------
        D:1 |      38 |       0 |   0.0 |      25 |       0 |   0.0
        D:2 |      41 |       5 |  10.9 |      11 |       1 |   8.3
        D:3 |      27 |       3 |  10.0 |       6 |       2 |  25.0
        D:4 |      43 |       0 |   0.0 |       1 |       0 |   0.0
            +---------+---------+-------+---------+---------+-------

Levels and vault maps discovered:
D:1:      lightli_arrival_maybe_door_vault, layout_basic
D:2:      layout_basic, vehumet_crystals, kennysheep_generic_room_7
D:3:      layout_rooms, lemuel_zombie_altar_yredelemnul,
          chequers_ecumenical_altar_simple
D:4:      layout_loops_ring, grunt_dithmenos_smoke,
          nicolae_overflow_crystal_walls, portal_sewer_entry_f,
          ebering_ghost_sewer_d
